Map: Cyber Forest LE

Players

HellraiseR - Winner!

  • Race: Protoss Protoss
  • League: Master
  • Spawn Location: 5:00

ShoWTimE

  • Race: Protoss Protoss
  • League: Grandmaster
  • Spawn Location: 11:00

Event: 2019 WCS Winter Europe

VOD

Have the link to the VOD?

Description

Time

  • Played on: Feb. 16, 2019, 10:01 a.m.
  • Length: 8:43

All games in this series

Show
View Real Time Build Order
Export as new Build Order

HellraiseR Protoss - Winner!

Build Orders: Phoenix Opening, Blink Stalkers, Zealot Archon 

Get SALT Encoding   

  12  0:00  Probe  
  13  0:12  Probe  
  14  0:17  Pylon  
  14  0:21  Probe  
  15  0:31  Probe  
  16  0:36  Gateway  
  16  0:42  Probe  
  16  0:45  Assimilator  
  17  0:52  Probe  
  17  0:55  Assimilator  
  18  1:00  Probe  
  18  1:07  Gateway  
  18  1:08  Probe  
  20  1:20  Probe  
  20  1:24  Cybernetics Core  
  21  1:32  Probe  
  22  1:34  Pylon  
  22  1:44  Probe  
  23  1:56  Probe  
  23  2:00  Stalker, Sentry  
  23  2:01  Warp Gate  
  28  2:08  Probe  
  28  2:10  Pylon  
  31  2:33  Phoenix  
  31  2:36  Nexus  
  29  2:39  Sentry  
  29  2:42  Sentry  
  33  2:48  Shield Battery  
  33  2:52  Probe  
  34  3:04  Probe  
  35  3:11  Pylon  
  35  3:12  Stalker  
  37  3:16  Probe  
  38  3:24  Twilight Council  
  38  3:26  Probe  
  39  3:34  Probe  
  40  3:42  Probe  
  40  3:48  Probe  
  41  3:49  Stalker  
  41  3:50  Stalker, Blink  
  41  3:51  Probe  
  47  3:56  Probe  
  47  3:59  Probe  
  48  4:06  Probe  
  50  4:11  Probe  
  50  4:12  Stalker  
  53  4:18  Probe  
  53  4:20  Stalker  
  53  4:23  Probe  
  57  4:27  Forge  
  57  4:30  Probe  
  58  4:35  Probe  
  58  4:37  Pylon  
  59  4:42  Probe  
  59  4:44  Stalker  
  60  4:46  Probe  
  59  4:54  Probe x2  
  59  4:56  Protoss Ground Weapons Level 1  
  61  5:02  Probe  
  61  5:06  Probe  
  63  5:08  Nexus  
  63  5:14  Probe  
  63  5:15  Pylon  
  63  5:18  Probe  
  65  5:23  Assimilator  
  65  5:26  Probe  
  66  5:34  Gateway  
  67  5:37  Gateway x2  
  67  5:41  Charge  
  67  5:42  Gateway  
  66  5:43  Gateway  
  66  5:51  Gateway  
  66  5:57  Templar Archives  
  66  5:58  Probe  
  66  6:00  Probe  
  68  6:10  Probe  
  69  6:12  Probe  
  70  6:20  Probe  
  70  6:22  Probe  
  70  6:23  Zealot x2  
  70  6:24  Probe  
  77  6:27  Robotics Facility  
  78  6:33  Pylon  
  78  6:34  Zealot, High Templar x2, Probe  
  78  6:39  Zealot x2  
  88  6:43  Pylon  
  88  6:51  Probe x2  
  91  6:58  Zealot x3  
  91  6:59  Zealot  
  91  7:00  Archon  
  99  7:01  Pylon  
  99  7:03  Photon Cannon  
  99  7:04  Warp Prism  
  99  7:05  Photon Cannon, High Templar  
  99  7:06  High Templar  
  102  7:10  Archon  
  102  7:12  Pylon  
  104  7:19  Zealot x2  
  108  7:23  Zealot  
  108  7:26  Zealot x2  
  114  7:33  Zealot  
  114  7:36  Pylon x2  
  116  7:38  High Templar x2  
  116  7:39  Zealot  
  116  7:41  Pylon  
  116  7:43  Archon  
  122  7:44  Zealot  
  122  7:48  Pylon  
  124  7:57  Observer  
  124  7:58  Zealot x4  
  133  8:16  Zealot x4  
  141  8:24  Zealot x4  
  129  8:37  Zealot x4  
Show
View Real Time Build Order
Export as new Build Order

ShoWTimE Protoss 

Build Orders: Oracle Opening, Phoenix Opening, Zealot Archon 

Get SALT Encoding   

  12  0:00  Probe  
  13  0:12  Probe  
  14  0:17  Pylon  
  14  0:24  Probe  
  15  0:32  Probe  
  15  0:36  Gateway  
  15  0:40  Probe  
  16  0:46  Assimilator  
  17  0:50  Probe  
  17  0:54  Assimilator  
  18  0:58  Probe  
  19  1:06  Probe  
  20  1:13  Gateway  
  20  1:17  Probe  
  20  1:24  Cybernetics Core  
  21  1:29  Probe  
  22  1:35  Pylon  
  22  1:41  Probe  
  23  1:53  Probe  
  24  2:00  Stalker, Sentry, Warp Gate  
  28  2:10  Pylon  
  28  2:30  Stargate  
  28  2:32  Probe  
  28  2:33  Phoenix  
  29  2:44  Nexus  
  29  2:52  Stalker  
  31  3:03  Probe  
  31  3:04  Oracle  
  32  3:15  Probe  
  36  3:20  Pylon  
  36  3:27  Probe  
  36  3:31  Oracle  
  37  3:40  Probe  
  41  3:52  Probe  
  41  3:53  Probe, Robotics Facility  
  42  4:02  Probe  
  43  4:04  Probe  
  43  4:05  Adept x2  
  49  4:11  Probe  
  49  4:16  Probe  
  51  4:19  Probe, Shield Battery  
  52  4:27  Probe  
  52  4:28  Probe  
  53  4:34  Pylon  
  53  4:38  Immortal, Probe  
  54  4:40  Probe  
  54  4:50  Probe  
  54  4:52  Probe  
  55  4:57  Assimilator, Sentry  
  55  4:58  Assimilator  
  57  5:00  Forge  
  57  5:02  Probe  
  57  5:04  Probe  
  59  5:11  Protoss Ground Weapons Level 1  
  59  5:14  Probe  
  59  5:15  Immortal, Pylon  
  59  5:16  Probe  
  65  5:27  Twilight Council, Pylon  
  65  5:45  Gateway  
  65  5:50  Gateway  
  65  5:52  Pylon  
  65  5:53  Gateway  
  65  5:54  Gateway  
  65  5:55  Observer  
  66  6:05  Charge  
  66  6:08  Templar Archives  
  66  6:12  Zealot  
  68  6:20  Gateway, Warp Prism  
  68  6:22  Gateway  
  70  6:27  Zealot  
  70  6:30  Pylon  
  72  6:44  Nexus  
  72  6:46  Pylon  
  72  6:48  High Templar  
  72  6:49  High Templar  
  72  6:53  Archon  
  76  6:57  Pylon  
  76  7:03  Zealot x3  
  82  7:16  High Templar x2  
  82  7:21  Archon  
  86  7:23  Pylon  
  86  7:26  Zealot x3  
  86  7:28  Pylon  
  92  7:34  Zealot x2  
  92  7:35  Zealot  
  98  7:47  High Templar x2  
  98  7:51  Archon  
  102  7:58  Zealot x3  
  102  7:59  Zealot x3  
  114  8:22  Zealot x4  
  114  8:23  Zealot x3  
  79  8:35  Zealot  
Tags
 
Add a new tag
Caveats
  • Supply blocks, unpowered buildings, or Contaminate may cause inaccurate times.
  • Supply counts are checked every 10 seconds.